 Dungeon Crawl Stone Soup version 0.31-a0-319-g4fced400ed (webtiles) character file.

Game seed: 13244595292737246272

408 LeprechaunX the Changeling (level 6, -4/42 HPs)
             Began as an Octopode Shapeshifter on July 17, 2023.
             Was an Initiate of Cheibriados.
             Shot with an arrow by a centaur (7 damage)
             ... on level 5 of the Dungeon.
             The game lasted 00:05:08 (3129 turns).

LeprechaunX the Changeling (Octopode Shapeshifter)  Turns: 3129, Time: 00:05:08

Health: -4/42      AC:  1    Str: 18    XL:     6   Next: 88%
Magic:  6/6        EV: 14    Int: 11    God:    Cheibriados [......]
Gold:   92         SH:  0    Dex: 13    Spells: 5/5 levels left

rFire   . . .        e - +2 short sword (protect)
rCold   . . .        (no shield)
rNeg    . . .        p - melded +2 hat
rPois   .            (no amulet)
rElec   .            n - ring of flight
rCorr   .            (no ring)
SInv    .            (no ring)
Will    .....        (no ring)
Stlth   +++          (no ring)
HPRegen 0.27/turn    (no ring)
MPRegen 0.10/turn    (no ring)
                     (no ring)

%: no passive effects
@: beast-form, flying, very slow
A: beast (slay +3), almost no armour, amphibious, 8 rings, camouflage 1,
gelatinous body 1, (nimble swimmer 1), tentacles
a: Begin Untransformation, Renounce Religion


You were on level 5 of the Dungeon.
You worshipped Cheibriados.
Cheibriados was noncommittal.
You were a hulking beast.
You visited 2 branches of the dungeon, and saw 6 of its levels.

You collected 92 gold pieces.

Inventory:

Hand Weapons
 e - a +2 short sword of protection (weapon)
Armour
 p - a +2 hat (melded)
Jewellery
 n - a ring of flight (left tentacle)
 u - the ring "Helulem" {Fire Dex+3}
   (You found it on level 4 of the Dungeon)

   [ring of fire]

   It enhances your fire magic.
   Dex:       It affects your dexterity (+3).
   rF:        It protects you from fire.
   rC:        It makes you vulnerable to cold.
Talismans
 b - a beast talisman
Wands
 v - a wand of quicksilver (9)
Scrolls
 d - 3 scrolls of identify {unknown}
 g - a scroll of vulnerability {unknown}
 h - 2 scrolls of poison {unknown}
 j - a scroll of teleportation {unknown}
 k - a scroll of enchant weapon {unknown}
 m - a scroll of fog {unknown}
 s - a scroll of enchant armour {unknown}
 t - a scroll of blinking {unknown}
Potions
 a - a potion of lignification
 c - 4 potions of curing {unknown}
 f - a potion of degeneration {unknown}
 i - a potion of heal wounds {unknown}
 l - a potion of berserk rage {unknown}
 o - a potion of resistance {unknown}
 q - 3 potions of enlightenment {unknown}
 r - a potion of haste {unknown}


   Skills:
 + Level 3.2 Fighting
 + Level 2.1 Short Blades
 + Level 3.1 Dodging
 - Level 0.8 Stealth
 + Level 3.2 Unarmed Combat
 + Level 1.1 Invocations
 * Level 4.5 Shapeshifting


You had 5 spell levels left.
You didn't know any spells.
Your spell library contained the following spells:

 Spells                   Type           Power      Damage    Failure   Level
 Cigotuvi's Dreadful Rot  Necr/Pois/Air  0%         N/A       47%         2
 Call Canine Familiar     Summ           0%         N/A       71%         3
 Portal Projectile        Hex/Tloc       0%         N/A       71%         3
 Dispel Undead            Necr           0%         3d6       98%         4
 Leda's Liquefaction      Hex/Erth       0%         N/A       98%         4
 Death Channel            Necr           0%         N/A       100%        6


Dungeon Overview and Level Annotations

Branches:
Dungeon (5/15)             Temple (1/1) D:4

Altars:
Ashenzari
Cheibriados
Dithmenos
Fedhas
Gozag
Hepliaklqana
Kikubaaqudgha
Makhleb
Nemelex Xobeh
Okawaru
Qazlal
Sif Muna
Uskayaw
Vehumet
Xom
Yredelemnul
Zin
The Shining One

Shops:
D:4 !

Annotations:
D:4 1 runed translucent door, Crazy Yiuf


Innate Abilities, Weirdness & Mutations

You are a hulking beast.
Your limbs bulge with bestial killing power. (Slay +3)
You cannot wear most types of armour.
You are amphibious.
You can wear up to eight rings at the same time.
Your skin changes colour to match your surroundings (Stealth+).
Your rubbery body absorbs attacks. (AC +1, EV +1)
((You are camouflaged when in or above water. (Stealth+)))
You have tentacles for arms and can constrict up to eight enemies at once.


Message History

Ijyb is nearby!
You hit Ijyb.
Your weapon exudes an aura of protection.
You grab Ijyb.
Ijyb is lightly wounded.
You constrict Ijyb.
Ijyb zaps a wand.
The bolt of dispelling energy hits you!
You hit Ijyb but do no damage.
Ijyb is moderately wounded.
You constrict Ijyb. Ijyb hits you with a +0 dagger.
You hit Ijyb. You squeeze Ijyb.
Ijyb is severely wounded.
You constrict Ijyb. Ijyb hits you but does no damage.
You hit Ijyb. You squeeze Ijyb.
You kill Ijyb!
Cheibriados thoroughly appreciates the change of pace.
No target in view!
v - a wand of quicksilver (9)
Things that are here:
a +0 dagger; a +0 leather armour; the goblin corpse of Ijyb A centaur comes into view.
Found 6 javelins.
A centaur is nearby!
A centaur is nearby!
A centaur is nearby!
The centaur shouts!
The centaur wields a +0 shortbow.
The centaur shoots an arrow.
The arrow hits you!
The centaur shoots an arrow.
The arrow hits you.
The centaur shoots an arrow.
The arrow hits you!
The centaur shoots an arrow.
The arrow hits you!
* * * LOW HITPOINT WARNING * * *
Things that are here:
17 gold pieces; 2 glowing yellow potions You are too injured to fight recklessly!
Unknown command.
Unknown command.
Unknown command.
The centaur shoots an arrow.
The arrow hits you.
* * * LOW HITPOINT WARNING * * *
Found a long silver wand.
The centaur shoots an arrow.
The arrow hits you!
You die...

########### #.# #.
.... ..# #.# #.
##.###.# #.#
#.##...##.#######.#
#.#....)........#.#
#/##...##.#####....
#.###.###.# #....
#.h..$....# #....
#####c##### #†#<#
..(. #.#.# ##.#.#
#.... #c..# ###+#
... # ##.. ..


You could see a centaur.

Vanquished Creatures
  3 scorpions (D:4)
  An orc priest (D:4)
  An iguana (D:5)
  Ijyb (D:5)
  7 adders
  An ufetubus (D:4)
  5 dart slugs
  4 orcs (D:4)
  9 ball pythons
  3 endoplasms
  6 goblins
  6 hobgoblins
  3 jackals (D:1)
  2 quokkas (D:1)
  6 bats
  A frilled lizard (D:1)
  8 kobolds
  5 rats
72 creatures vanquished.

Notes
Turn   | Place    | Note
-------+----------+-------------------------------------------
     0 | D:1      | LeprechaunX the Octopode Shapeshifter began the quest for
                  | the Orb.
     0 | D:1      | Reached XP level 1. HP: 14/14 MP: 1/1
   175 | D:1      | Reached XP level 2. HP: 19/19 MP: 2/2
   328 | D:1      | Reached XP level 3. HP: 24/24 MP: 3/3
   832 | D:2      | Found a hide-covered altar of Uskayaw.
  1259 | D:2      | Reached XP level 4. HP: 17/30 MP: 4/4
  1990 | D:4      | Reached skill level 1 in Short Blades
  1990 | D:4      | Noticed a scorpion
  1994 | D:4      | Killed a scorpion
  1995 | D:4      | Reached skill level 4 in Shapeshifting
  1995 | D:4      | Reached XP level 5. HP: 33/35 MP: 5/5
  2054 | D:4      | Found a staircase to the Ecumenical Temple.
  2176 | D:4      | Reached XP level 6. HP: 34/42 MP: 6/6
  2217 | Temple   | Entered the Ecumenical Temple
  2222 | Temple   | Became a worshipper of Cheibriados the Contemplative
  2322 | D:4      | Found a shimmering altar of Xom.
  2324 | D:4      | Found an iron altar of Okawaru.
  2325 | D:4      | Found a radiant altar of Vehumet.
  2583 | D:4      | Identified the ring "Helulem" {Fire Dex+3}
  2702 | D:4      | Found Uweumusa's Distillery.
  2823 | D:4      | Found a runed translucent door.
  2824 | D:4      | Noticed Crazy Yiuf
  3049 | D:5      | Entered Level 5 of the Dungeon
  3056 | D:5      | Reached skill level 1 in Invocations
  3086 | D:5      | Noticed Ijyb
  3091 | D:5      | Killed Ijyb
  3127 | D:5      | HP: 2/42 [centaur/arrow (3)]
  3129 | D:5      | Shot with an arrow by a centaur

Illustrated notes

Levels and vault maps discovered:
D:1:      lightli_arrival_flooded_house, layout_basic,
          chequers_serial_rivers_marsh, minmay_box_of_dots
D:2:      layout_basic, basic_altar
D:3:      layout_rooms
D:4:      layout_loops_ring, grunt_temple_overflow_open,
          nicolae_overflow_hidden_temple, minmay_temple_entry_enclosed_plants,
          serial_shops, shop, uniq_crazy_yiuf_cottage
D:5:      layout_loops_corners, uniq_ijyb, uniq_edmund
Temple:   nicolae_temple_ecumenical_triangle

Skill      XL: |  1  2  3  4  5  6 |
---------------+-------------------+-----
Short Blades   | 1 2 |  2.1
Shapeshifting  | 4 |  4.5
Fighting       | 3 |  3.2
Dodging        | 3 |  3.1
Unarmed Combat | 3 |  3.2
Invocations    | 1 |  1.1
Stealth        | |  0.8

Action                     |  1- 3 |  4- 6 || total
---------------------------+-------+-------++-------
  Melee: Unarmed           |    13 |       ||    13
         Constrict         |    17 |    24 ||    41
         Tentacles         |    10 |    20 ||    30
         Punch             |     1 |     2 ||     3
         Short sword       |    49 |    67 ||   116
   Stab: Sleeping          |    10 |     4 ||    14
 Armour: Skin              |    13 |    20 ||    33
  Dodge: Dodged            |    27 |    36 ||    63
         Form:             |       |     1 ||     1
         Beast             |       |     1 ||     1

Table legend: (Time is in decaauts)
 A = Elapsed time spent in this place.
 B = Non-inter-level travel time spent in this place.
 C = Inter-level travel time spent in this place.
 D = Time resting spent in this place.
 E = Time spent auto-exploring this place.
 F = Levels seen in this place.
 G = Mean time per level.
                   A        B        C        D        E       F      G
               +--------+--------+--------+--------+--------+-----+--------+
         Total |   3336 |   3147 |    189 |      0 |   2705 |   6 |  556.0 |
       Dungeon |   3324 |   3135 |    189 |      0 |   2705 |   5 |  664.8 |
        Temple |     11 |     11 |      0 |      0 |      0 |   1 |   11.0 |
               +--------+--------+--------+--------+--------+-----+--------+

Top non-repeatable levels by time:
     D:4: 1262 daAuts
     D:2: 900 daAuts
     D:1: 751 daAuts
     D:3: 326 daAuts
     D:5: 85 daAuts
  Temple: 11 daAuts
